 Dungeon Crawl Stone Soup version 0.20.1-1-g8b1a95d (webtiles) character file.

60 renl the Shield-Bearer (level 4, 0/37 HPs)
             Began as a Formicid Fighter on July 23, 2017.
             Killed by divine providence
             ... invoked by an orc priest
              (13 damage)
             ... on level 3 of the Dungeon.
             The game lasted 00:03:43 (1532 turns).

renl the Shield-Bearer (Formicid Fighter)           Turns: 1532, Time: 00:03:43

Health: 0/37       AC:  8    Str: 22    XL:     4   Next: 24%
Magic:  4/4        EV:  8    Int:  7    God:
Gold:   77         SH:  9    Dex: 10    Spells: 3/3 levels left

rFire    . . .     SeeInvis +   a - +0 long sword
rCold    . . .     Gourm    .   c - +0 shield
rNeg     . . .     Faith    .   b - +0 scale mail
rPois    .         Spirit   .   (helmet unavailable)
rElec    .         Reflect  .   (no cloak)
rCorr    .         Harm     .   (no gloves)
MR       .....                  h - +0 pair of boots
Stlth    ..........             (no amulet)
Regen    0.2/turn               (no ring)
MPRegen  0.1/turn               (no ring)

@: no status effects
A: permanent stasis, dig shafts and tunnels, four strong arms, antennae 3
a: Dig, Shaft Self


You were on level 3 of the Dungeon.
You were not hungry.

You visited 1 branch of the dungeon, and saw 3 of its levels.

You collected 77 gold pieces.

Inventory:

Hand Weapons
 a - a +0 long sword (weapon)
Missiles
 j - 3 javelins (quivered)
Armour
 b - a +0 scale mail (worn)
 c - a +0 shield (worn)
 h - a +0 pair of boots (worn)
Scrolls
 k - a scroll of enchant armour {unknown}
 l - a scroll of fog {unknown}
 m - a scroll of random uselessness {unknown}
 p - a scroll of noise {unknown}
 q - a scroll of teleportation {unknown}
 u - a scroll of identify {unknown}
Potions
 d - 2 potions of might
 e - 2 potions of lignification {unknown}
 i - 3 potions of agility {unknown}
 o - a potion of flight {unknown}
 r - a potion of ambrosia {unknown}
 s - a potion of curing {unknown}
 t - a potion of heal wounds {unknown}
Comestibles
 f - a bread ration
 g - 7 chunks of flesh
 n - a meat ration


   Skills:
 + Level 3.8 Fighting
 + Level 2.8 Long Blades
 + Level 3.7 Armour
 + Level 4.3 Shields


You had 3 spell levels left.
You didn't know any spells.

Dungeon Overview and Level Annotations

Branches:
Dungeon (3/15)

Altars:
Nemelex Xobeh


Innate Abilities, Weirdness & Mutations

You cannot be hasted, slowed, berserked, paralysed or teleported.
You can dig through walls and to a lower floor.
Your four strong arms can wield two-handed weapons with a shield.
You have a pair of large antennae on your head. (SInv)


Message History

You barely miss the kobold. You block the kobold's attack. x2
An orc comes into view. It is wielding a flail.
You miss the kobold.
The orc shouts!
The orc priest miscasts a cantrip.
The kobold hits you but does no damage.
You barely miss the kobold. You block the kobold's attack.
You hit the orc priest but do no damage.
The kobold hits you.
The orc priest hits you but does no damage.
The orc priest calls down the wrath of Beogh upon you.
Beogh smites you! The kobold hits you.
You extend your mandibles.
You dig through the rock wall.
The kobold hits you but does no damage. The orc priest barely misses you.
You riposte.
You hit the orc priest but do no damage.
You dig through the rock wall.
The orc priest invokes the aid of Beogh against you.
Beogh smites you!
You die...

### ####@#
#.#K#######
#######..o......#
........o.......#
######.#########
####o......... .#
#..oo.(...### #.#
#...o.....# #.#
#.......((# #.#


You could see 2 orc priests, 2 orcs and a kobold.

Vanquished Creatures
  An adder (D:2)
  2 worms (D:2)
  A ball python (D:2)
  10 bats
  3 giant cockroaches
  3 goblins (D:2)
  4 hobgoblins
  7 jackals
  4 frilled lizards
  6 kobolds
  2 rats
43 creatures vanquished.

Notes
Turn   | Place    | Note
-------+----------+-------------------------------------------
     0 | D:1      | renl the Formicid Fighter began the quest for the Orb.
     0 | D:1      | Reached XP level 1. HP: 18/18 MP: 1/1
    96 | D:1      | Reached XP level 2. HP: 21/24 MP: 2/2
   426 | D:1      | Reached skill level 4 in Shields
   681 | D:1      | Reached XP level 3. HP: 29/29 MP: 3/3
  1215 | D:2      | Found a sparkling altar of Nemelex Xobeh.
  1327 | D:2      | Reached XP level 4. HP: 23/37 MP: 4/4
  1532 | D:3      | Killed from afar by an orc priest

Skill      XL: |  1  2 |
---------------+-------+-----
Shields        | 4 |  4.3
Fighting       | |  3.8
Long Blades    | |  2.8
Armour         | |  3.7

Action                   |  1- 3 |  4- 6 || total
-------------------------+-------+-------++-------
Melee: Long sword        |   134 |    15 ||   149
 Abil: Dig               |       |     1 ||     1
  Eat: Chunk             |     2 |       ||     2
Armor: Scale mail        |    61 |     5 ||    66
Dodge: Dodged            |    30 |     3 ||    33
Block: Shield            |    73 |    18 ||    91
       Rpst.: Long sword |    12 |     1 ||    13
